[Event "Team 45 45 League T27"]
[Site "Internet Chess Club"]
[Date "2005.06.27"]
[Round "2"]
[White "clarinetref"]
[Black "Tomate"]
[Result "1-0"]
[WhiteElo "1534"]
[BlackElo "1404"]
[TimeControl "2700+45"]

1. Nf3 c5 2. c4 Nc6 3. d4 cxd4 4. Nxd4 Nf6 5. b3 g6 6. Bb2 Bg7 7. Nc3 d6 8. Rb1
O-O 9. g3 Ng4 10. Nxc6 bxc6 11. Bg2 Bh6 12. O-O Qb6 13. Bc1 Bg7 14. Na4 Qc7 15.
Bb2 f6 16. b4 Bb7 17. e3 Ne5 18. c5 Rad8 19. Qb3+ d5 20. Nc3 e6 21. Ne2 Ba6 22.
Rfe1 Nc4 23. Bc3 f5 24. Nf4 Rfe8 25. a4 Ne5 26. b5 cxb5 27. axb5 Rb8 28. Nxd5
Qxc5 29. Bd4 Qxb5 30. Qxb5 Bxb5 31. Nc7 Bd3 32. Nxe8 Rxe8 33. Ra1 Be4 34. Rxa7
Nf3+ 35. Bxf3 Bxd4 36. Bxe4 Bxa7 37. Bc6 Rc8 38. Bd7 Rc7 39. Bxe6+ Kg7 40. Rd1
Bb8 41. Rd8 Re7 42. Bd5 Be5 43. Kg2 Bf6 44. Rg8+ Kh6 45. Rf8 Bg7 46. Ra8 Re5 47.
Bf3 Bf6 48. Ra6 Kg7 49. h3 Kf7 50. Ra7+ Be7 51. g4 Kg7 52. gxf5 gxf5 53. Kg3 Kg6
54. Kf4 Bf6 55. Ra6 Re7 56. e4 fxe4 57. Bxe4+ Kg7 58. Kf5 Rf7 59. Bd5 Bh4+ 60.
Kg4 Rf6 61. Ra7+ Kh6 62. Kxh4 Rxf2 63. Bg8 Rf4+ 64. Kg3 Rb4 65. Rxh7+ Kg6 66.
Rc7 Rb8 67. Bf7+ Kg7 68. h4 Rf8 69. Bd5+ Kh6 70. Kg4 Rf1 71. Rc6+ Kg7 72. Kg3
Rf5 73. Be4 Re5 74. Kf4 Rh5 75. Kg4 Re5 76. Bf5 Re1 77. Rg6+ Kf7 78. Kh5 Re5 79.
Rg5 Re8 80. Bg6+ {Black resigns} 1-0

[Event "Team 45 45 League T27"]
[Site "Internet Chess Club"]
[Date "2005.06.27"]
[Round "2"]
[White "az2112"]
[Black "BenjaminSisko"]
[Result "1/2-1/2"]
[WhiteElo "1635"]
[BlackElo "1608"]
[TimeControl "2700+45"]

1. Nf3 Nf6 2. c4 e6 3. Nc3 b6 4. d4 Bb4 5. Bd2 c5 6. a3 Ba5 7. e3 Bxc3 8. Bxc3
Ne4 9. Qc2 Bb7 10. Be2 d6 11. Nd2 Nxc3 12. Qxc3 O-O 13. O-O Nd7 14. Bf3 Qc7 15.
Rac1 Rac8 16. Rfd1 cxd4 17. Qxd4 Nc5 18. Bxb7 Qxb7 19. Qxd6 Rfd8 20. Qg3 h6 21.
Qf3 Rd3 22. Qxb7 Nxb7 23. Kf1 Na5 24. Ke2 Rcd8 25. b4 Nc6 26. Nb1 Ne5 27. c5
Rxd1 28. Rxd1 Rxd1 29. Kxd1 bxc5 30. bxc5 Kf8 31. Nc3 Ke8 32. Nb5 a6 33. Nd6+
Ke7 34. Ke2 f6 35. h3 Nd7 36. Nb7 Nb8 37. Kd3 Kd7 38. Kc4 Nc6 39. Kb3 Ne5 40.
Ka4 Nd3 41. Ka5 Kc6 42. Kxa6 Nxf2 43. a4 Nd1 44. Nd8+ Kd7 45. Nb7 Nxe3 46. Ka7
Nc4 47. a5 e5 48. a6 Kc7 49. Nd6 Na3 50. Ka8 g6 51. a7 f5 52. Ne8+ Kc8 53. Nd6+
Kc7 54. Ne8+ Kc8 55. Nd6+ Kc7 {Game drawn by repetition} 1/2-1/2

[Event "Team 45 45 League T27"]
[Site "Internet Chess Club"]
[Date "2005.06.25"]
[Round "2"]
[White "Smart"]
[Black "Cantemir"]
[Result "1-0"]
[WhiteElo "1616"]
[BlackElo "1648"]
[TimeControl "2700+45"]

1. e4 d6 2. d4 Nf6 3. Nc3 c6 4. f4 Qb6 5. e5 dxe5 6. fxe5 Nd5 7. Nxd5 cxd5 8.
Bd3 Qxd4 9. Bb5+ Bd7 10. Bxd7+ Nxd7 11. Qxd4 e6 12. Qa4 a6 13. Nf3 b5 14. Qf4
Bc5 15. Be3 Be7 16. O-O Rc8 17. Rac1 Rc4 18. Nd4 Rf8 19. Qg3 g5 20. c3 Nc5 21.
Qh3 Rh8 22. Qh5 Rf8 23. Rc2 Ne4 24. Nxe6 Nf6 25. exf6 Rh4 26. Ng7+ Kd7 27. Qxg5
Re4 28. Qxd5+ Bd6 29. Qxe4 h5 30. Qf5+ Kc7 31. Bf4 Bxf4 32. Qxf4+ Kb7 33. Rd2
{Black resigns} 1-0

[Event "Team 45 45 League T27"]
[Site "Internet Chess Club"]
[Date "2005.06.27"]
[Round "2"]
[White "pokerram"]
[Black "Pilgrim"]
[Result "1-0"]
[WhiteElo "1592"]
[BlackElo "1490"]
[TimeControl "2700+45"]

1. d4 Nf6 2. c4 e6 3. Nc3 c5 4. d5 exd5 5. cxd5 d6 6. e4 Nbd7 7. f4 a6 8. a4 g6
9. Nf3 Bg7 10. Bd3 O-O 11. O-O Re8 12. Re1 Ng4 13. h3 Nh6 14. Be3 f5 15. exf5
gxf5 16. Bf2 Nf6 17. Qc2 Qc7 18. Rxe8+ Nxe8 19. Re1 Nf6 20. Ng5 c4 21. Bf1 b5
22. axb5 axb5 23. Nxb5 Qd7 24. Nc3 Bb7 25. Bxc4 Rc8 26. Qd3 Qc7 27. b3 Nh5 28.
Ne6 Qa5 29. Nxg7 Kxg7 30. Bd4+ Kf7 31. Qe3 Ng7 32. Qe7+ {Black resigns} 1-0

[Event "Team 45 45 League T27"]
[Site "Internet Chess Club"]
[Date "2005.06.24"]
[Round "2"]
[White "rabanito"]
[Black "AVEMARIA"]
[Result "0-1"]
[WhiteElo "1410"]
[BlackElo "1552"]
[TimeControl "2700+45"]

1. e4 c5 2. Nf3 d6 3. d4 cxd4 4. Nxd4 Nf6 5. Nc3 a6 6. Bc4 e6 7. Bb3 Be7 8. Be3
Bd7 9. O-O Qc7 10. Qf3 Nc6 11. Qg3 O-O 12. Bh6 Ne8 13. f4 Nxd4 14. Rad1 Nxb3 15.
axb3 Qc5+ 16. Kh1 Qh5 17. Bg5 f6 18. Bh4 Bc6 19. Qh3 Qf7 20. f5 Nc7 21. Rf4 d5
22. Rd3 Bd6 23. Rg4 h5 24. Rxg7+ Qxg7 25. Rg3 Bxg3 26. hxg3 Qg4 {White resigns}
0-1

[Event "Team 45 45 League T27"]
[Site "Internet Chess Club"]
[Date "2005.06.27"]
[Round "2"]
[White "indiadar"]
[Black "Zillmer"]
[Result "0-1"]
[WhiteElo "2087"]
[BlackElo "2158"]
[TimeControl "2700+45"]

1. e4 e6 2. d4 d5 3. Nc3 Bb4 4. e5 c5 5. a3 Bxc3+ 6. bxc3 Ne7 7. Nf3 Bd7 8. Ng5
Nbc6 9. Qg4 Nf5 10. Nf3 Qa5 11. Bd2 c4 12. Be2 O-O-O 13. O-O h5 14. Qf4 Nce7 15.
Nh4 f6 16. Nxf5 Nxf5 17. exf6 gxf6 18. Rfb1 e5 19. dxe5 fxe5 20. Qf3 Rdf8 21.
Bxc4 Bc6 22. Bb3 h4 23. Qe2 Qc7 24. Re1 e4 25. c4 Nd4 26. Qe3 h3 27. Qg3 hxg2
28. Qxc7+ Kxc7 29. Red1 Nf3+ 30. Kxg2 Rxh2+ 31. Kg3 Rg8+ 32. Kf4 Rf8+ 33. Kg3
Rg8+ 34. Kf4 d4 35. c5 Rh4+ 36. Kf5 Rf8+ 37. Kg6 Rg4+ 38. Kh7 e3 39. Ba5+ b6 40.
cxb6+ axb6 41. Bb4 Be4+ {White resigns} 0-1

[Event "Team 45 45 League T27"]
[Site "Internet Chess Club"]
[Date "2005.06.27"]
[Round "2"]
[White "Sergio56"]
[Black "Ser-Enigma"]
[Result "1-0"]
[WhiteElo "1926"]
[BlackElo "2015"]
[TimeControl "2700+45"]

1. e4 d5 2. exd5 Nf6 3. d4 Nxd5 4. Nf3 Bg4 5. Be2 Nc6 6. O-O e6 7. Re1 Bxf3 8.
Bxf3 Qd7 9. c4 Nde7 10. d5 exd5 11. cxd5 Na5 12. Qc2 O-O-O 13. b4 Nxd5 14. bxa5
Nb4 15. Qe4 Qb5 16. a4 Qa6 17. Bd2 Nd3 18. Be2 Qf6 19. Bxd3 Qxa1 20. Bc3 Bb4 21.
Bxa1 Bxe1 22. Bxg7 Rhe8 23. Qf5+ Kb8 24. g3 Bb4 25. a6 bxa6 26. Bxa6 Re6 27. Bb5
a6 28. Bc4 Re1+ 29. Kg2 Rdd1 30. Bxa6 Re6 31. Qf3 {Black resigns} 1-0

[Event "Team 45 45 League T27"]
[Site "Internet Chess Club"]
[Date "2005.06.23"]
[Round "2"]
[White "JaiHanuman"]
[Black "alastorx"]
[Result "1/2-1/2"]
[WhiteElo "1926"]
[BlackElo "1708"]
[TimeControl "2700+45"]

1. e4 d5 2. exd5 Qxd5 3. Nc3 Qa5 4. d4 Nf6 5. Nf3 Nc6 6. Bb5 Ne4 7. Bd2 Nxc3 8.
Bxc6+ bxc6 9. Bxc3 Qd5 10. Qe2 Bg4 11. h3 Bxf3 12. Qxf3 Qxf3 13. gxf3 e6 14. Rg1
Rg8 15. O-O-O O-O-O 16. a3 Rd5 17. Bb4 Bd6 18. Bxd6 cxd6 19. c4 Rf5 20. Rd3 Kc7
21. Kc2 g6 22. b3 Rf4 23. Rg4 Rf5 24. Rg1 Rb8 25. Kc3 Rb6 26. Kc2 a5 27. Rc3 a4
28. b4 c5 29. dxc5 dxc5 30. b5 Rd6 31. Rg4 Rd4 32. Kc1 Rff4 33. Rxf4 Rxf4 34.
Kd2 Rh4 35. f4 Rxf4 36. Ke2 Rd4 37. Ke1 f5 38. Ke2 e5 39. Ke1 f4 40. f3 e4 41.
fxe4 Rxe4+ 42. Kf2 h5 43. Kf3 Rd4 44. h4 Kb6 {Game drawn by mutual agreement}
1/2-1/2

[Event "Team 45 45 League T27"]
[Site "Internet Chess Club"]
[Date "2005.06.27"]
[Round "2"]
[White "NFK"]
[Black "Loco-Motif"]
[Result "1/2-1/2"]
[WhiteElo "1723"]
[BlackElo "1837"]
[TimeControl "2700+45"]

1. e4 e5 2. Nf3 Nf6 3. d4 Nxe4 4. Bd3 Nc6 5. Bxe4 d5 6. Nxe5 Nxe5 7. dxe5 dxe4
8. Qxd8+ Kxd8 9. O-O Bc5 10. Rd1+ Ke7 11. Bg5+ f6 12. exf6+ gxf6 13. Bf4 c6 14.
Nc3 Bf5 15. Na4 Bb4 16. c3 Ba5 17. b4 Bb6 18. Nxb6 axb6 19. Be3 b5 20. Bc5+ Kf7
21. Rd6 Rhd8 22. Rxd8 Rxd8 23. Bd4 Ra8 24. Kf1 Ra3 25. Ke2 Be6 26. Ke3 Bd5 27.
Kf4 Ke6 28. g4 Bxa2 29. h4 Ra4 30. g5 fxg5+ 31. Kxg5 Bd5 32. Re1 Ra8 33. f3 Rg8+
34. Kh6 Kf5 35. fxe4+ Bxe4 36. Rf1+ Ke6 37. Rf6+ Kd5 38. h5 Kc4 39. Rf7 Rg4 40.
Rxb7 c5 41. Rc7 Kb3 42. Rxc5 Bd3 {Game drawn by mutual agreement} 1/2-1/2

[Event "Team 45 45 League T27"]
[Site "Internet Chess Club"]
[Date "2005.06.25"]
[Round "2"]
[White "gracey"]
[Black "steve"]
[Result "1/2-1/2"]
[WhiteElo "2069"]
[BlackElo "1879"]
[TimeControl "2700+45"]

1. b3 e5 2. Bb2 Nc6 3. e3 Nf6 4. Nf3 d6 5. d3 Be7 6. Nc3 O-O 7. Be2 b6 8. O-O
Bb7 9. d4 exd4 10. Nxd4 Nxd4 11. Qxd4 c5 12. Qd3 a6 13. Rfd1 Qc7 14. e4 Rfe8 15.
Qg3 Bf8 16. f3 b5 17. Nxb5 axb5 18. Bxf6 Re6 19. Bb2 Rg6 20. Qf2 c4 21. a4 d5
22. exd5 Rh6 23. f4 cxb3 24. cxb3 bxa4 25. bxa4 Bd6 26. Rac1 Qa5 27. Bb5 Qd8 28.
Qd4 Rf6 29. Bc6 Rb8 30. Bxb7 Rxb7 31. Rc6 Qd7 32. Re1 h6 33. Re4 Rg6 34. Rc4 Qg4
35. Re8+ Kh7 36. g3 Rxb2 37. Qxb2 Qd1+ 38. Kf2 Qh1 39. Ke3 Qxd5 40. Qc2 f5 41.
Rcc8 Rf6 42. Qc4 Qh1 43. Qg8+ Kg6 44. Qa2 Qg1+ 45. Qf2 Qd1 46. Qf3 Qg1+ 47. Ke2
Bb4 48. Qf2 Qa1 49. Kf3 Qh1+ 50. Qg2 Qd1+ 51. Qe2 Qh1+ 52. Ke3 Qg1+ {Game drawn
by mutual agreement} 1/2-1/2

[Event "Team 45 45 League T27"]
[Site "Internet Chess Club"]
[Date "2005.06.26"]
[Round "2"]
[White "room-matt"]
[Black "A-Ru"]
[Result "0-1"]
[WhiteElo "1812"]
[BlackElo "1867"]
[TimeControl "2700+45"]

1. e4 e6 2. d4 d5 3. Nc3 Nf6 4. Bg5 Bb4 5. e5 h6 6. Bd2 Bxc3 7. bxc3 Ne4 8. Qg4
g6 9. Bd3 Nxd2 10. Kxd2 c5 11. Nf3 c4 12. Be2 Bd7 13. Rhb1 Bc6 14. Qf4 Nd7 15.
h4 Qe7 16. a3 O-O-O 17. g4 f6 18. exf6 Nxf6 19. Ne5 Ne4+ 20. Ke1 Qc7 21. Qe3 Qa5
22. Rb4 Be8 23. f3 Nd6 24. Nxg6 Bxg6 25. Qxe6+ Kb8 26. Qxg6 Qc7 27. h5 Qe7 28.
Kf2 Rdg8 29. Bd3 Rxg6 30. Bxg6 Qg5 31. Ke2 Rf8 32. Rf1 a6 33. a4 Kc7 34. Rbb1 b5
35. a5 Rf6 36. Rbe1 Re6+ 37. Kd1 Re3 38. Rxe3 Qxe3 39. f4 Qxc3 40. Ke2 Qg3 41.
g5 hxg5 42. fxg5 Qxg5 43. c3 Qg4+ 44. Ke3 Qg3+ 45. Kd2 Ne4+ 46. Bxe4 dxe4 47.
Rf7+ Kd8 48. h6 Qg5+ 49. Kc2 Qxh6 50. Ra7 e3 51. Ra8+ Kc7 52. Ra7+ Kb8 53. Re7
Qg6+ 54. Kb2 Qd3 55. Re8+ Kc7 56. d5 Qxd5 57. Rxe3 Qd2+ {White resigns} 0-1

[Event "Team 45 45 League T27"]
[Site "Internet Chess Club"]
[Date "2005.06.26"]
[Round "2"]
[White "nightly"]
[Black "rph"]
[Result "1/2-1/2"]
[WhiteElo "1740"]
[BlackElo "1864"]
[TimeControl "2700+45"]

1. d4 Nf6 2. Bg5 c6 3. Bxf6 gxf6 4. c4 d5 5. e3 Bf5 6. Nc3 e6 7. Nge2 Nd7 8. Ng3
Bg6 9. Rc1 Bd6 10. Be2 f5 11. f4 h5 12. cxd5 exd5 13. Bd3 Qh4 14. Kd2 Nf6 15.
Bxf5 Bxf4 16. Bxg6 Bxe3+ 17. Kxe3 Ng4+ 18. Kd2 Qg5+ 19. Ke1 O-O 20. Qd2 Rae8+
21. Be4 Qh4 22. Kd1 dxe4 23. Ncxe4 f5 24. Qg5+ Qxg5 25. Nxg5 Nf2+ 26. Kd2 Nxh1
27. Nxh1 Re7 28. Re1 Rxe1 29. Kxe1 Re8+ 30. Kd2 Kg7 31. h4 Kg6 32. g3 Rd8 33.
Ke3 Re8+ 34. Kd3 Re1 35. Nf2 Rg1 36. Ke2 Rxg3 37. Ne6 Kf6 38. Nf4 Rg1 39. Nxh5+
Kg6 40. Nf4+ Kf6 41. Nh5+ Kg6 42. Nf4+ Kf6 43. Nh5+ {Game drawn by repetition}
1/2-1/2

[Event "Team 45 45 League T27"]
[Site "Internet Chess Club"]
[Date "2005.06.26"]
[Round "2"]
[White "Unbeliever"]
[Black "garethn"]
[Result "1-0"]
[WhiteElo "2008"]
[BlackElo "1835"]
[TimeControl "2700+45"]

1. e4 e5 2. Nc3 Nf6 3. Bc4 Bc5 4. d3 d6 5. h3 O-O 6. f4 Nc6 7. f5 Nd4 8. Bg5 c6
9. a3 a6 10. Nf3 b5 11. Ba2 Bb7 12. Nh2 Qe7 13. Ng4 Kh8 14. Ne2 Nxe2 15. Qxe2 d5
16. O-O-O d4 17. Qf2 Qd6 18. Qh4 Nd7 19. f6 g6 20. Qh6 Rg8 21. Bxf7 Qf8 22. Bxg8
Kxg8 23. Qxf8+ Bxf8 24. Rhf1 c5 25. f7+ Kh8 26. Nf6 Nxf6 27. Bxf6+ Bg7 28. Rf2
Rf8 29. Be7 Rc8 30. Rdf1 Bf8 31. Bf6+ Bg7 32. Bxg7+ Kxg7 33. f8=Q+ {Black
resigns} 1-0

[Event "Team 45 45 League T27"]
[Site "Internet Chess Club"]
[Date "2005.07.03"]
[Round "2"]
[White "andy4226uk"]
[Black "Knight77"]
[Result "1-0"]
[WhiteElo "1876"]
[BlackElo "1805"]
[TimeControl "2700+45"]

1. e4 c5 2. Nf3 d6 3. d4 cxd4 4. Nxd4 Nf6 5. Nc3 g6 6. Be3 Bg7 7. f3 O-O 8. Qd2
a6 9. Bc4 b5 10. Bb3 Bb7 11. h4 Nbd7 12. h5 gxh5 13. g4 hxg4 14. Bh6 Ne5 15. Qg5
Ng6 16. Bxg7 Kxg7 17. Qh6+ Kh8 18. Nf5 Rg8 19. Bxf7 Qf8 20. Bxg8 Qxh6 21. Nxh6
Nxg8 22. Nxg4 Rf8 23. Ke2 Nf4+ 24. Kf2 b4 25. Ne2 Ne6 26. Kg3 Ng5 27. Raf1 e5
28. Kg2 Nxf3 29. Rxf3 Bxe4 30. Rf1 Ne7 31. Kg3 Bxf3 32. Rxf3 Rxf3+ 33. Kxf3 Kg7
34. Ng3 Nc6 35. Ke4 Kg6 36. Kd5 Nd4 37. Ne3 Kg5 38. Kxd6 Kf4 39. Ngf1 h5 40. Kc5
h4 41. Kxb4 h3 42. c4 h2 43. Nd5+ Ke4 44. Nxh2 Nc6+ 45. Kc3 a5 46. Nf1 a4 47.
Nb6 a3 48. b4 Nd4 49. b5 Ne6 50. Nd2+ Ke3 51. Nd5+ Ke2 52. Nb3 e4 53. Nd4+ Nxd4
54. Kxd4 {Black resigns} 1-0

[Event "Team 45 45 League T27"]
[Site "Internet Chess Club"]
[Date "2005.06.24"]
[Round "2"]
[White "CraigCKlein"]
[Black "Insatiable"]
[Result "1-0"]
[WhiteElo "1818"]
[BlackElo "1601"]
[TimeControl "2700+45"]

1. d4 d5 2. Nf3 Nf6 3. c4 e6 4. Nc3 Be7 5. Bf4 Nbd7 6. e3 c6 7. c5 O-O 8. Bd3 b6
9. b4 a5 10. a3 bxc5 11. bxc5 Bxc5 12. dxc5 Nxc5 13. Be2 a4 14. O-O Nb3 15. Rb1
c5 16. Nxa4 c4 17. Bxc4 dxc4 18. Qxd8 Rxd8 19. Nb6 Rxa3 20. Nxc4 Ra4 21. Bc7 Rf8
22. Nb6 Rb4 23. Bd6 Rxb6 24. Bxf8 Kxf8 25. Rfd1 Ba6 26. Nd2 {Black resigns} 1-0

[Event "Team 45 45 League T27"]
[Site "Internet Chess Club"]
[Date "2005.06.25"]
[Round "2"]
[White "TheBrewer"]
[Black "dougmo"]
[Result "1-0"]
[WhiteElo "1645"]
[BlackElo "1555"]
[TimeControl "2700+45"]

1. d4 e6 2. Nf3 Nf6 3. e3 b6 4. Bd3 Bb7 5. Nbd2 d5 6. Qe2 Nbd7 7. e4 dxe4 8.
Nxe4 Nxe4 9. Bxe4 Bxe4 10. Qxe4 Be7 11. O-O O-O 12. c3 Nf6 13. Qc2 c5 14. dxc5
Bxc5 15. Bg5 h6 16. Rad1 Qe7 17. Bc1 Rad8 18. Rxd8 Rxd8 19. h3 a5 20. a3 Rd5 21.
b4 axb4 22. axb4 Bd6 23. Rd1 Rxd1+ 24. Qxd1 Qd7 25. Kf1 Qc7 26. Bb2 Ne4 27. Qd3
Nf6 28. Nd4 Qd8 29. Nb5 Be7 30. Qxd8+ Bxd8 31. Nd4 Nd5 32. Ne2 Bf6 33. Ke1 Nxb4
34. cxb4 Bxb2 35. Kd2 Kf8 36. Kd3 Be5 37. Kc4 Bc7 38. Kb5 Ke7 39. Kc6 Bd8 40.
Nd4 f5 41. Nb5 g5 42. Nd6 e5 43. Nxf5+ Kf6 44. Nxh6 e4 45. Kd5 Kg6 46. Ng4 Be7
47. b5 Kf5 48. g3 Bc5 49. Ne3+ Kg6 50. Kxe4 {Black resigns} 1-0

[Event "Team 45 45 League T27"]
[Site "Internet Chess Club"]
[Date "2005.06.27"]
[Round "2"]
[White "patzerchess"]
[Black "zota"]
[Result "0-1"]
[WhiteElo "1874"]
[BlackElo "1929"]
[TimeControl "2700+45"]

1. e4 c5 2. Nf3 d6 3. d4 cxd4 4. Nxd4 Nf6 5. Nc3 a6 6. Bg5 e6 7. Qd2 Be7 8.
O-O-O Qc7 9. f4 Nbd7 10. Nf3 O-O 11. Bd3 b5 12. h3 b4 13. Nb1 a5 14. Qe2 Nc5 15.
e5 Nxd3+ 16. Qxd3 dxe5 17. fxe5 Ba6 18. Qd2 Ne4 19. Qe3 Nxg5 20. Nxg5 Rac8 21.
Rd2 Bd3 22. c3 Bg6 23. Nf3 a4 24. Nd4 Qb6 25. Nc2 Bc5 26. Qe2 b3 27. axb3 axb3
28. Nca3 Be3 29. Re1 Bxd2+ 30. Nxd2 Ra8 31. Ndc4 Qa6 32. g4 Rfc8 33. h4 Bc2 34.
h5 Rc6 35. g5 Rac8 36. Qg4 Qa4 37. g6 Rxc4 38. gxf7+ Kf8 39. Qxe6 R4c6 40. Qd7
Qf4+ {White resigns} 0-1

[Event "Team 45 45 League T27"]
[Site "Internet Chess Club"]
[Date "2005.06.26"]
[Round "2"]
[White "JSC"]
[Black "BronzeAge"]
[Result "1/2-1/2"]
[WhiteElo "1829"]
[BlackElo "1815"]
[TimeControl "2700+45"]

1. e4 e6 2. d4 d5 3. Nc3 Nf6 4. e5 Nfd7 5. f4 c5 6. Be3 cxd4 7. Bxd4 a6 8. Bd3
Nc6 9. Bf2 Bc5 10. Bxc5 Nxc5 11. Nf3 Nxd3+ 12. Qxd3 b5 13. a3 Qb6 14. Rd1 b4 15.
Na2 a5 16. Nd4 Ba6 17. Qd2 Nxd4 18. Qxd4 Qb5 19. Qd3 Qa4 20. Qb3 Qb5 21. Qd3 Qc5
22. axb4 axb4 23. Qd2 Rb8 24. Ra1 b3 25. Nc3 Bc4 26. cxb3 Bxb3 27. Ke2 O-O 28.
Rhc1 Bc4+ 29. Kf3 Rb3 30. Kg4 f5+ 31. Kh4 Qe7+ 32. Kh3 Qf7 33. g3 Qh5+ 34. Kg2
Rfb8 35. Rc2 Rd8 36. Qd4 Qe8 37. Ra3 Rdb8 38. Rxb3 Bxb3 39. Rd2 Bc4 40. Qc5 Rb3
41. Qd6 Rb8 42. Qc5 Rc8 43. Qb4 Qc6 44. Kg1 Ra8 45. Rd1 d4 46. Nb1 {Game drawn
by mutual agreement} 1/2-1/2

[Event "Team 45 45 League T27"]
[Site "Internet Chess Club"]
[Date "2005.06.25"]
[Round "2"]
[White "adingod"]
[Black "fernbap"]
[Result "1-0"]
[WhiteElo "1866"]
[BlackElo "1744"]
[TimeControl "2700+45"]

1. d4 Nf6 2. Nf3 c5 3. e3 Nc6 4. Bd3 d5 5. c3 e6 6. O-O Bd6 7. Nbd2 cxd4 8. exd4
O-O 9. Re1 Qc7 10. Qe2 Nd7 11. Nf1 Bf4 12. Ng3 Re8 13. Ne5 Bxc1 14. Raxc1 Ndxe5
15. dxe5 Qe7 16. Nh5 Qg5 17. f4 Qe7 18. Qg4 Qf8 19. Nf6+ Kh8 20. Nxh7 Qe7 21.
Ng5 Qc5+ 22. Kh1 Nd8 23. b4 Qf2 24. Re2 Qb6 25. Rf1 Kg8 26. Nh7 Re7 27. Nf6+ Kf8
28. Qh5 Re8 29. Qh8+ {Black resigns} 1-0

[Event "Team 45 45 League T27"]
[Site "Internet Chess Club"]
[Date "2005.06.25"]
[Round "2"]
[White "allanchs"]
[Black "KnightedByQueen"]
[Result "1/2-1/2"]
[WhiteElo "1651"]
[BlackElo "1624"]
[TimeControl "2700+45"]

1. e4 c5 2. Nf3 Nc6 3. d4 cxd4 4. Nxd4 e6 5. Be3 Nf6 6. f3 a6 7. a3 d5 8. exd5
Nxd4 9. Bxd4 Nxd5 10. Bc4 b5 11. Bxd5 Qxd5 12. Nc3 Qc4 13. Qd2 b4 14. axb4 Qxb4
15. b3 f6 16. O-O e5 17. Bf2 Bd7 18. Rfd1 Bc6 19. Nd5 Qb7 20. Ne3 Be7 21. Qd3
O-O 22. Nf5 Rfe8 23. Nxe7+ Rxe7 24. Qc4+ Kh8 25. Rd2 e4 26. fxe4 Rxe4 27. Qc5
Re5 28. Qd6 Bxg2 29. Bd4 Rd5 30. Qf4 Rad8 31. Rxg2 Rxd4 32. Qg3 Rd1+ 33. Rxd1
Qb6+ 34. Kh1 Rxd1+ 35. Rg1 Rxg1+ 36. Qxg1 Qxg1+ 37. Kxg1 Kg8 38. b4 Kf7 39. c4
Ke6 40. Kf2 Ke5 41. Ke3 f5 42. b5 axb5 43. cxb5 Kd5 44. Kf4 {Game drawn by
mutual agreement} 1/2-1/2

[Event "Team 45 45 League T27"]
[Site "Internet Chess Club"]
[Date "2005.06.25"]
[Round "2"]
[White "TheTankDriver"]
[Black "trikmamak"]
[Result "1-0"]
[WhiteElo "2371"]
[BlackElo "2202"]
[TimeControl "2700+45"]

1. d4 d5 2. c4 c6 3. Nf3 e6 4. e3 f5 5. Bd3 Nf6 6. b3 Bd6 7. O-O O-O 8. Ba3 Ne4
9. Bxd6 Qxd6 10. Ne5 Nd7 11. Nxd7 Bxd7 12. Nd2 Rad8 13. c5 Qe7 14. Nf3 Rf6 15.
Ne5 Rh6 16. Bxe4 dxe4 17. f3 Qh4 18. h3 Be8 19. fxe4 Qxe4 20. Qf3 Rxd4 21. exd4
Qxd4+ 22. Kh1 Qxe5 23. Qf2 g5 24. Rae1 Qf6 25. Qg3 f4 26. Qd3 g4 27. Qe4 gxh3
28. g3 Bh5 29. Qxf4 Qxf4 30. Rxf4 Rg6 31. Kh2 Bg4 32. Ref1 Bf5 33. Rd1 h5 34.
Rd7 Rg7 35. Rxg7+ Kxg7 36. Rb4 e5 37. Rxb7+ Kf6 38. Rc7 e4 39. Rxc6+ Ke5 40. Rd6
e3 41. Rd1 Bg4 42. Rc1 Kd4 43. c6 Kd3 44. b4 e2 45. b5 Kd2 46. Ra1 Kc3 47. a4
Kb4 48. Kg1 Ka5 49. Kf2 a6 50. bxa6 Kxa6 51. Rc1 Ka5 52. c7 Kb6 53. c8=Q Bxc8
54. Kxe2 Bg4+ 55. Kf2 Ka5 56. Rc4 Bd1 57. Kg1 Bg4 58. Kf2 Bd1 59. Rh4 Bg4 60.
Kg1 Kxa4 61. Kh2 Kb5 62. Rxh3 Kc6 63. Kg2 Kd5 64. Rh1 Ke4 65. Rf1 Ke5 66. Rf8
Ke4 67. Kf2 Ke5 68. Ke3 Bd1 69. Rf1 Bg4 70. Ra1 Kf5 71. Ra5+ Kf6 72. Kf4 Bd1 73.
Ra6+ Kg7 74. Kg5 Be2 75. Rh6 Bd1 76. Rxh5 Bxh5 77. Kxh5 Kh7 78. Kg5 Kg7 79. g4
Kf7 80. Kh6 Kg8 81. Kg6 Kh8 82. g5 Kg8 83. Kf6 Kf8 84. g6 Kg8 85. g7 {Black
resigns} 1-0

[Event "Team 45 45 League T27"]
[Site "Internet Chess Club"]
[Date "2005.06.23"]
[Round "2"]
[White "trevor21"]
[Black "PublisherKing"]
[Result "1/2-1/2"]
[WhiteElo "2151"]
[BlackElo "1924"]
[TimeControl "2700+45"]

1. d4 c6 2. c4 d6 3. Nc3 Qc7 4. e4 Nd7 5. f3 e5 6. d5 Ngf6 7. Be3 Be7 8. Bd3 O-O
9. Nge2 Re8 10. Qd2 Nc5 11. Bc2 cxd5 12. cxd5 a5 13. O-O Bd7 14. a4 Qb6 15. Rfb1
Qb4 16. Nd1 Nxa4 17. Bxa4 Bxa4 18. Qxb4 axb4 19. b3 Bb5 20. Ng3 Rxa1 21. Rxa1
Rc8 22. Rc1 Rxc1 23. Bxc1 g6 24. Nb2 Nd7 {Game drawn by mutual agreement}
1/2-1/2

[Event "Team 45 45 League T27"]
[Site "Internet Chess Club"]
[Date "2005.06.27"]
[Round "2"]
[White "martineden"]
[Black "orkid"]
[Result "0-1"]
[WhiteElo "1814"]
[BlackElo "1838"]
[TimeControl "2700+45"]

1. d4 d5 2. c4 e6 3. Nc3 Nd7 4. cxd5 exd5 5. Bf4 c6 6. e3 Ngf6 7. h3 Qa5 8. Bd3
Bb4 9. Qc2 O-O 10. Ne2 Re8 11. O-O Nf8 12. a3 Be7 13. Rfc1 Qd8 14. b4 Ne6 15.
Bh2 Bd6 16. Bxd6 Qxd6 17. Na4 Bd7 18. Nc5 Nxc5 19. dxc5 Qe5 20. Nd4 Qg5 21. Kf1
Ne4 22. a4 Rab8 23. Qe2 Qf6 24. Kg1 Qg5 25. Bxe4 Rxe4 26. Qf3 Rh4 27. Kf1 f5 28.
Qe2 Re8 29. Nf3 Qf6 30. Nxh4 Qxh4 31. Qd2 f4 32. exf4 Bxh3 33. Qd3 Bf5 34. Qg3
Qh1# {White checkmated} 0-1

[Event "Team 45 45 League T27"]
[Site "Internet Chess Club"]
[Date "2005.06.25"]
[Round "2"]
[White "forquesato"]
[Black "Parsnip"]
[Result "1-0"]
[WhiteElo "1851"]
[BlackElo "1789"]
[TimeControl "2700+45"]

1. e4 e6 2. d3 d5 3. Nd2 Nf6 4. Ngf3 Nc6 5. g3 Bd6 6. Bg2 dxe4 7. dxe4 e5 8. O-O
Bg4 9. Re1 O-O 10. c3 Qe7 11. Qc2 a6 12. Nc4 Bc5 13. Be3 Rfe8 14. Rad1 Bxe3 15.
Nxe3 Rad8 16. Nxg4 Nxg4 17. Bh3 Nf6 18. Nh4 Rxd1 19. Rxd1 Rd8 20. Nf5 Rxd1+ 21.
Qxd1 Qf8 22. Qb3 b5 23. a4 Na5 24. Qd1 g6 25. Ne3 Nxe4 26. axb5 axb5 27. Qd5 Ng5
28. Bf1 c6 29. Qd7 h5 30. Qc7 Qa8 31. Bg2 e4 32. Qf4 Nf3+ 33. Bxf3 exf3 34. Qxf3
Qe8 35. b4 Nb3 36. Qd1 Qe6 37. Ng2 Qd5 38. Qe2 Qd7 39. Nf4 Nd2 40. Nd3 Nc4 41.
Ne5 Qe6 42. f4 Nxe5 43. Qxe5 Qxe5 44. fxe5 Kf8 45. Kf2 Ke7 46. Ke3 g5 47. h4
gxh4 48. gxh4 Ke6 49. Ke4 f5+ 50. exf6 Kxf6 51. Kf4 Ke6 52. Kg5 Ke5 53. Kxh5 Kf5
54. Kh6 Kf6 55. h5 {Black resigns} 1-0

[Event "Team 45 45 League T27"]
[Site "Internet Chess Club"]
[Date "2005.06.27"]
[Round "2"]
[White "syy89"]
[Black "Plattner"]
[Result "1/2-1/2"]
[WhiteElo "2070"]
[BlackElo "1917"]
[TimeControl "2700+45"]

1. e4 e6 2. d4 d5 3. Nc3 Bb4 4. e5 c5 5. a3 Bxc3+ 6. bxc3 Ne7 7. Qg4 O-O 8. Bd3
Nbc6 9. Nf3 f5 10. exf6 Rxf6 11. Qh4 h6 12. O-O c4 13. Be2 Bd7 14. g4 Ng6 15.
Qg3 Qb8 16. g5 Qxg3+ 17. fxg3 hxg5 18. Bxg5 Rf5 19. g4 Rf7 20. Nh4 Rxf1+ 21.
Rxf1 Nxh4 22. Bxh4 Rf8 23. Bg3 Rxf1+ 24. Kxf1 g5 25. Kf2 Kg7 26. Ke3 Be8 27. h4
Bg6 28. Bd1 Kf6 29. h5 Bh7 30. Kd2 a5 31. Ke3 a4 32. Bd6 {Game drawn by mutual
agreement} 1/2-1/2

[Event "Team 45 45 League T27"]
[Site "Internet Chess Club"]
[Date "2005.06.24"]
[Round "2"]
[White "elnik"]
[Black "BillyNoMates"]
[Result "1-0"]
[WhiteElo "1942"]
[BlackElo "1831"]
[TimeControl "2700+45"]

1. d4 Nf6 2. c4 c5 3. d5 b5 4. Nf3 d6 5. Qc2 bxc4 6. e4 Nbd7 7. Bxc4 g6 8. O-O
Bg7 9. Nc3 O-O 10. Nd2 Ng4 11. h3 Nge5 12. Be2 Nb6 13. f4 Ned7 14. Nf3 Bb7 15.
Be3 e6 16. dxe6 fxe6 17. Ng5 Re8 18. Nb5 Qb8 19. Rad1 d5 20. e5 Bf8 21. Bg4 a6
22. Na3 Qc8 23. Nxe6 Qc6 24. Nxf8 Nxf8 25. Qxc5 d4 26. Qxc6 {Black resigns} 1-0

[Event "Team 45 45 League T27"]
[Site "Internet Chess Club"]
[Date "2005.06.26"]
[Round "2"]
[White "Justchess"]
[Black "azbycx"]
[Result "0-1"]
[WhiteElo "1708"]
[BlackElo "1832"]
[TimeControl "2700+45"]

1. d4 Nf6 2. c4 e6 3. g3 d5 4. Nf3 Bb4+ 5. Bd2 Be7 6. Bg2 O-O 7. O-O c6 8. Nc3
dxc4 9. a4 Nbd7 10. e4 Qc7 11. Bf4 Qb6 12. Qe2 Rd8 13. Qxc4 Qb4 14. Qe2 a5 15.
Bd2 Qb6 16. d5 e5 17. d6 Bxd6 18. Rfd1 Nc5 19. Bg5 Bg4 20. Bxf6 gxf6 21. Qe3 Qc7
22. Qh6 Qe7 23. Nh4 Qe6 24. f3 Bf8 25. Qe3 Nb3 26. fxg4 Bc5 {White resigns} 0-1